 Dungeon Crawl Stone Soup version 0.31-a0-237-g2d982f9f85 (webtiles) character file.

Game seed: 522126700464229808

1273 cforsyth the Grappler (level 8, 0/70 HPs)
             Began as an Ogre Transmuter on July 11, 2023.
             Was an Initiate of Okawaru.
             Slain by an orc
             ... wielding a +2 vampiric short sword
              (6 damage)
             ... on level 6 of the Dungeon.
             The game lasted 00:08:09 (5117 turns).

cforsyth the Grappler (Ogre Transmuter)             Turns: 5117, Time: 00:08:10

Health: 0/70       AC:  2    Str: 15    XL:     8   Next: 53%
Magic:  6/11       EV: 18    Int: 16    God:    Okawaru [......]
Gold:   373        SH:  0    Dex: 14    Spells: 5/11 levels left

rFire   . .          .
                       - Unarmed
rCold   . . .        (shield currently unavailable)
rNeg    . . .        r - melded +2 robe {rF+}
rPois   x            (helmet currently unavailable)
rElec   .            s - melded +0 cloak
rCorr   .            (gloves unavailable)
SInv    .            (boots unavailable)
Will    .....        (no amulet)
Stlth   +            (no ring)
HPRegen 0.31/turn    (no ring)
MPRegen 0.12/turn

%: no passive effects
@: spider-form, studying Armour
A: venomous fangs, tiny, unfitting armour, (tough skin 1), (poison resistance)
a: End Transformation, Renounce Religion


You were on level 6 of the Dungeon.
You worshipped Okawaru.
Okawaru was noncommittal.
You were a venomous arachnid creature.
You visited 2 branches of the dungeon, and saw 7 of its levels.

You collected 373 gold pieces.

Inventory:

Missiles
 q - a throwing net
Armour
 a - a +0 robe
 r - a +2 robe of fire resistance (melded)
 s - a +0 cloak (melded)
Jewellery
 n - an amulet of regeneration
Wands
 b - a wand of flame (23)
 f - a wand of roots (2)
 v - a wand of digging (5)
Scrolls
 c - a scroll of brand weapon {unknown}
 d - 4 scrolls of revelation {unknown}
 e - 2 scrolls of teleportation {unknown}
 i - 2 scrolls of enchant weapon {unknown}
 j - 2 scrolls of amnesia {unknown}
 k - 8 scrolls of identify {unknown}
 l - 2 scrolls of blinking {unknown}
 m - 3 scrolls of vulnerability {unknown}
 p - a scroll of torment {unknown}
 w - a scroll of enchant armour {unknown}
 x - 4 scrolls of noise {unknown}
Potions
 g - 2 potions of heal wounds
 h - a potion of might
 u - a potion of curing


   Skills:
 - Level 1.3 Fighting
 - Level 1.7 Dodging
 + Level 9.6 Unarmed Combat
 - Level 2.4 Spellcasting
 - Level 1.7 Transmutations


You had 5 spell levels left.
You knew the following spells:

 Your Spells              Type           Power      Damage    Failure   Level
a - Beastly Appendage     Tmut           14%        N/A       24%         1
b - Wereblood             Tmut           7%         N/A       32%         2
c - Spider Form           Tmut/Pois      4%         N/A       61%         3

Your spell library contained the following spells:

 Spells                   Type           Power      Damage    Failure   Level
 Dazzling Flash           Conj/Hex       2%         N/A       73%         3
 Hailstorm                Conj/Ice       1%         3d3       73%         3
 Volatile Blastmotes      Fire/Tloc      2%         2d10      73%         3
 Ice Form                 Ice/Tmut       4%         N/A       92%         4
 Iskenderun's Mystic Bla  Conj/Tloc      1%         2d3       97%         4
 Starburst                Conj/Fire      0%         6d3       100%        6
 Simulacrum               Ice/Necr       Unusable   N/A       N/A         6

Dungeon Overview and Level Annotations

Branches:
Dungeon (6/15)             Temple (1/1) D:6

Altars:
Ashenzari
Cheibriados
Dithmenos
Elyvilon
Fedhas
Kikubaaqudgha
Okawaru
Qazlal
Ru
Sif Muna
Uskayaw
Vehumet
Wu Jian
Yredelemnul
Zin
The Shining One

Shops:
D:5 ?

Annotations:
D:1 1 transporter


Innate Abilities, Weirdness & Mutations

You are a venomous arachnid creature.
You have venomous fangs.
You are tiny and dextrous.
Your spellcasting is less reliable in this form.
Your armour is entirely melded.
You are incapable of wielding weapons or throwing items.
You are too large for most types of armour.
((You have tough skin. (AC +1)))
((Your system is resistant to poisons. (rPois)))


Message History

The orc priest calls down the wrath of Beogh upon you.
Pain shoots through your body! Something hits you but does no damage.
You barely miss the orc priest.
The orc priest invokes the aid of Beogh against you.
Pain shoots through your body!
* * * LOW HITPOINT WARNING * * *
Something hits you.
* * * LOW HITPOINT WARNING * * *
You hit the orc priest but do no damage.
The orc priest is poisoned.
The orc priest invokes the aid of Beogh against you.
Pain shoots through your body!
* * * LOW HITPOINT WARNING * * *
You hear some strange, mumbled words.
A puff of flame appears from out of thin air!
The puff of flame misses you.
You bite the orc priest!
The orc priest looks as sick as possible!
The orc priest is heavily wounded.
You kill the orc priest!
Okawaru accepts your kill. Something hits you.
* * * LOW HITPOINT WARNING * * *
You feel better.
Your transformation has ended.
Your +0 cloak unmelds from your body.
Your +2 robe of fire resistance unmelds from your body.
You feel resistant to fire. The orc barely misses you.
You hear some strange, mumbled words.
A magic dart appears from out of thin air!
The magic dart hits you.
* * * LOW HITPOINT WARNING * * *
Casting: Spider Form (dangerous; 38% risk of failure)
Confirm with . or Enter, or press ? or * to list all spells.
You turn into a venomous arachnid creature.
Your +0 cloak melds into your body.
Your +2 robe of fire resistance melds into your body.
You feel less resistant to fire.
The orc hits you with a +2 vampiric short sword.
You die...

#....).# #.....)# #...)<.#
#######+##......########
#...##..#####+#........#
#.....#.......#.....#........#
#.....#.......'.....#.>......#
......#.......#.....#........#
......#.......#)s{..+........#
......#.....####o##.#........###+
......#.....# #)# ###........#.
......#.....# ... #........#.
......'.....# ....# #........'.
......#.....#.....+ #........#.
......#...#####+### #........##
##'####...# #..........
...........# #..........


You could see an orc.

Vanquished Creatures
  Sigmund (D:5)
  A wyvern (D:5)
  A sky beast (D:6)
  A black bear (D:5)
  2 ogres (D:5)
  A centaur (D:6)
  2 jellies
  2 hounds
  2 orc priests
  2 iguanas (D:5)
  Jessica (D:3)
  5 orc wizards
  Robin (D:3)
  5 adders
  An ufetubus (D:5)
  2 worms
  A dart slug (D:2)
  17 orcs
  6 endoplasms
  2 giant cockroaches (D:2)
  11 goblins
  8 hobgoblins
  5 jackals
  3 quokkas
  5 ball pythons
  8 bats
  2 frilled lizards
  11 kobolds
  2 rats (D:1)
111 creatures vanquished.

Notes
Turn   | Place    | Note
-------+----------+-------------------------------------------
     0 | D:1      | cforsyth the Ogre Transmuter began the quest for the Orb.
     0 | D:1      | Reached XP level 1. HP: 19/19 MP: 3/3
    85 | D:1      | Reached skill level 3 in Unarmed Combat
   107 | D:1      | Reached XP level 2. HP: 23/27 MP: 3/5
   633 | D:2      | Reached XP level 3. HP: 22/33 MP: 4/6
   891 | D:2      | Reached skill level 4 in Unarmed Combat
  1244 | D:3      | Noticed Jessica
  1254 | D:3      | Killed Jessica
  1255 | D:3      | Reached XP level 4. HP: 32/41 MP: 7/7
  1404 | D:3      | Noticed Robin
  1412 | D:3      | Killed Robin
  1965 | D:3      | Reached skill level 5 in Unarmed Combat
  2055 | D:3      | Reached XP level 5. HP: 37/48 MP: 8/8
  2401 | D:3      | Learned a level 2 spell: Wereblood
  2405 | D:3      | Learned a level 3 spell: Spider Form
  2587 | D:4      | Found a sacrificial altar of Ru.
  2873 | D:4      | Reached skill level 6 in Unarmed Combat
  2873 | D:4      | Reached XP level 6. HP: 53/55 MP: 7/9
  3089 | D:5      | Entered Level 5 of the Dungeon
  3283 | D:5      | Noticed Sigmund
  3306 | D:5      | Noticed a wyvern
  3313 | D:5      | Killed a wyvern
  3314 | D:5      | Reached skill level 7 in Unarmed Combat
  3314 | D:5      | Reached XP level 7. HP: 56/62 MP: 10/10
  3322 | D:5      | Gained mutation: Your system is resistant to poisons.
                  | (rPois) [potion of mutation]
  3368 | D:5      | Killed Sigmund
  3481 | D:5      | Reached skill level 8 in Unarmed Combat
  3593 | D:5      | Found Ocexil's Magic Scroll Boutique.
  3856 | D:5      | Reached XP level 8. HP: 70/70 MP: 3/11
  4333 | D:5      | Found a snail-covered altar of Cheibriados.
  4386 | D:5      | Reached skill level 9 in Unarmed Combat
  4697 | D:6      | Found a staircase to the Ecumenical Temple.
  4714 | Temple   | Entered the Ecumenical Temple
  4913 | Temple   | Became a worshipper of Warmaster Okawaru
  5117 | D:6      | Slain by an orc

Illustrated notes

Levels and vault maps discovered:
D:1:      spicycebolla_arrival_risky_transporter, layout_rooms
D:2:      layout_rooms
D:3:      layout_loops_ring, uniq_robin, uniq_jessica
D:4:      layout_cave_pools, nicolae_ru_great_annihilating_truth,
          kennysheep_generic_room_6
D:5:      layout_basic, lemuel_coloured_pillars_altar, serial_shops,
          shop_scrolls, minmay_manual_maat, uniq_sigmund
D:6:      cheibrodos_iron_armory, layout_gridville, nzn_hepliaklqana_mist_gate,
          minmay_temple_entry_arrows, serial_shops, shop
Temple:   eino_narrow_crystal_temple

Skill      XL: |  1  2  3  4  5  6  7  8 |
---------------+-------------------------+-----
Unarmed Combat | 3 4 5 6 7 8 9 |  9.6
Fighting       | |  1.3
Dodging        | |  1.7
Spellcasting   | |  2.4
Transmutations | |  1.7

Action                     |  1- 3 |  4- 6 |  7- 9 || total
---------------------------+-------+-------+-------++-------
  Melee: Unarmed           |   108 |   127 |   110 ||   345
         Headbutt          |    11 |    14 |     9 ||    34
         Kick              |    12 |    18 |    16 ||    46
         Punch             |     2 |     4 |     3 ||     9
   Cast: Beastly Appendage |    24 |    26 |     7 ||    57
         Spider Form       |       |     1 |     7 ||     8
    Use: Potion            |       |     1 |     8 ||     9
   Stab: Sleeping          |     1 |       |       ||     1
         Paralysed         |       |     1 |       ||     1
 Armour: Robe              |    43 |    45 |    18 ||   106
         Skin              |       |    15 |    27 ||    42
  Dodge: Dodged            |    57 |    66 |    58 ||   181

Table legend: (Time is in decaauts)
 A = Elapsed time spent in this place.
 B = Non-inter-level travel time spent in this place.
 C = Inter-level travel time spent in this place.
 D = Time resting spent in this place.
 E = Time spent auto-exploring this place.
 F = Levels seen in this place.
 G = Mean time per level.
                   A        B        C        D        E       F      G
               +--------+--------+--------+--------+--------+-----+--------+
         Total |   5065 |   4963 |    102 |    314 |   3833 |   7 |  723.6 |
       Dungeon |   4850 |   4769 |     81 |    314 |   3647 |   6 |  808.3 |
        Temple |    214 |    193 |     21 |      0 |    186 |   1 |  214.0 |
               +--------+--------+--------+--------+--------+-----+--------+

Top non-repeatable levels by time:
     D:5: 1416 daAuts
     D:3: 1144 daAuts
     D:4: 753 daAuts
     D:2: 639 daAuts
     D:1: 535 daAuts
     D:6: 361 daAuts
  Temple: 214 daAuts
